[Event "*** MasterClass Titled Tuesday Blitz"]
[Site "Chess.com"]
[Date "2017.12.05"]
[Round "2"]
[White "michaelk123"]
[Black "ChessChronicles123"]
[Result "1-0"]
[WhiteElo "2293"]
[BlackElo "1919"]
[TimeControl "180+2"]
[EndTime "14:30:04 PST"]
[Termination "michaelk123 won by resignation"]

1. d4 d5 2. Bf4 Nf6 3. e3 g6 4. Nc3 Bg7 5. h4 c6 6. Be2 O-O 7. h5 e6 8. h6 Bh8 9. Nf3 Nbd7 10.
Ne5 b6 11. Nxc6 Qe8 12. Bd6 Bb7 13. Ne7+ 1-0

[Event "*** MasterClass Titled Tuesday Blitz"]
[Site "Chess.com"]
[Date "2017.12.05"]
[Round "2"]
[White "Colombiano07"]
[Black "pi_mal_auge"]
[Result "1-0"]
[WhiteElo "2201"]
[BlackElo "1616"]
[TimeControl "180+2"]
[EndTime "14:30:13 PST"]
[Termination "Colombiano07 won by resignation"]

1. e4 Nf6 2. e5 Nd5 3. d4 d6 4.
c4 Nb6 5. exd6 cxd6 6. Nc3 g6 7. Be3 Bg7 8. Rc1 O-O 9. b3 Nc6 10. Nf3 Bg4 11. d5 Ne5 12. Be2 Bxf3 13. Bxf3 Rc8 14.
Be2 f5 15. f4 Nf7 16. Nb5 a6 17.
Nd4 Re8 18. Ne6 1-0

[Event "*** MasterClass Titled Tuesday Blitz"]
[Site "Chess.com"]
[Date "2017.12.05"]
[Round "2"]
[White "Joseph_Truelson"]
[Black "MateusViageiro"]
[Result "0-1"]
[WhiteElo "2109"]
[BlackElo "2183"]
[TimeControl "180+2"]
[EndTime "14:31:05 PST"]
[Termination "MateusViageiro won by resignation"]

1. c4 Nf6 2. d4 e6 3. Nc3 Bb4 4. f3 O-O 5. e4 c5 6. d5 exd5 7.
cxd5 d6 8. Be3 Nbd7 9. Bc4 a6 10. a4 Re8 11. Ne2 Ne5 12. Bb3 Bd7 13. O-O b5 14.
axb5 axb5 15. Rxa8 Qxa8 16. h3 Ng6 17. Qe1 c4 18.
Bc2 Nxd5 19. Qg3 Nxe3 0-1

[Event "*** MasterClass Titled Tuesday Blitz"]
[Site "Chess.com"]
[Date "2017.12.05"]
[Round "2"]
[White "Salem-AR"]
[Black "dyziotomi99"]
[Result "1-0"]
[WhiteElo "2814"]
[BlackElo "2451"]
[TimeControl "180+2"]
[EndTime "14:31:25 PST"]
[Termination "Salem-AR won by resignation"]

1. d4 d5 2. c4 dxc4 3. e4 Nc6 4. Nf3 Bg4 5. d5 Ne5 6. Bf4 Ng6 7. Bg3 e5 8. Bxc4 Bd6 9. O-O Nf6 10. Bb5+ Bd7 11. Bxd7+ Qxd7 12. Qe2 O-O 13. Nbd2 Rae8 14. Rfc1 Nh5 15.
Nc4 Nhf4 16. Qd1 f5 17. Nfd2 Bc5 18. Ne3 Bxe3 19. fxe3 Nd3 20. Rc3 fxe4 21. Nxe4 Qxd5 22. Qxd3 Qe6 23. Qc4 1-0

[Event "*** MasterClass Titled Tuesday Blitz"]
[Site "Chess.com"]
[Date "2017.12.05"]
[Round "2"]
[White "dawtonlms"]
[Black "Sheik777"]
[Result "1-0"]
[WhiteElo "2244"]
[BlackElo "1769"]
[TimeControl "180+2"]
[EndTime "14:31:26 PST"]
[Termination "dawtonlms won by resignation"]

1. e4 c6 2. d4 d5 3. exd5 cxd5 4. c4 Nf6 5. Nc3 Nc6 6. Bg5 dxc4 7. d5 Ne5 8. Qd4 h6 9. Qxe5 hxg5 10. Bxc4 Qb6 11. O-O-O Ng4 12. Bb5+ Bd7 13. Bxd7+ Kxd7 14. Qf5+ 1-0

[Event "*** MasterClass Titled Tuesday Blitz"]
[Site "Chess.com"]
[Date "2017.12.05"]
[Round "2"]
[White "johannesh"]
[Black "Danslesprit69"]
[Result "1-0"]
[WhiteElo "2266"]
[BlackElo "1727"]
[TimeControl "180+2"]
[EndTime "14:31:30 PST"]
[Termination "johannesh won by resignation"]

1. d4 Nf6 2. Nf3 e6 3. c4 b6 4. g3 Bb7 5. Bg2 Bb4+ 6. Bd2 Bxd2+ 7. Qxd2 O-O 8. O-O Ne4 9. Qc2 f5 10. Nfd2 Nxd2 11. Bxb7 Nxf1 12. Bxa8 d5 13. Kxf1 Nd7 14. Bc6 f4 15. Nd2 fxg3 16. hxg3 Qf6 17. Nf3 Nb8 18. cxd5 Nxc6 19. Qxc6 Qh6 20. Qxe6+ Qxe6 21. dxe6 1-0

[Event "*** MasterClass Titled Tuesday Blitz"]
[Site "Chess.com"]
[Date "2017.12.05"]
[Round "2"]
[White "ScotchGameopening"]
[Black "TARS-JJ"]
[Result "0-1"]
[WhiteElo "797"]
[BlackElo "1083"]
[TimeControl "180+2"]
[EndTime "14:31:42 PST"]
[Termination "TARS-JJ won by resignation"]

1. e4 c5 2. Nf3 d6 3. Bc4 Be6 4. Nc3 Qd7 5. Bxe6 Qxe6 6. d4 cxd4 7. Nxd4 Qd7 8. Bf4 e5 9. Nd5 exf4 10. Nf5 Ne7 11.
Nfxe7 Bxe7 12. Nxe7 Qxe7 13. g3 Qxe4+ 14. Qe2 Qxe2+ 15.
Kxe2 fxg3 16. fxg3 O-O 17. Rae1 Nc6 18. Kd1 Rae8 19.
Rxe8 Rxe8 20. Re1 Rxe1+ 21. Kxe1 f5 22. Kd2 g5 23. c3 Kf7 24. Kd3 Ke6 25. b3 h5 26. b4 a6 27. a4 Ne5+ 28. Kd4 Nf3+ 29. Kc4 Nxh2 30. b5 Nf3 31. bxa6 bxa6 32. Kb4 h4 33. gxh4 gxh4 34. Ka5 h3 35. Kxa6 h2 36. a5 h1=Q 37. Kb5 Ne5 38. a6 Qc6+ 39. Ka5 Nd7 40. a7 Qb6+ 0-1

[Event "*** MasterClass Titled Tuesday Blitz"]
[Site "Chess.com"]
[Date "2017.12.05"]
[Round "2"]
[White "ZABDIELBLANCO"]
[Black "MultiWebCreation"]
[Result "1-0"]
[WhiteElo "1227"]
[BlackElo "1333"]
[TimeControl "180+2"]
[EndTime "14:31:45 PST"]
[Termination "ZABDIELBLANCO won by resignation"]

1. d4 e6 2. c4 d5 3. Bf4 Bd6 4.
Bxd6 cxd6 5. cxd5 Qa5+ 6. Nc3 exd5 7. Qa4+ Qxa4 8. Nxa4 Ne7 9. e3 O-O 10. Nf3 Bd7 11.
Nc3 Nbc6 12. Bd3 Nb4 13. Bb1 Rac8 14. a3 Nbc6 15. Bd3 Na5 16. Bc2 Nc4 17. Rb1 a6 18. O-O b5 19. a4 bxa4 20. Bxa4 Bxa4 21. Nxa4 g5 22. h3 h6 23. b3 Nb6 24. Nxb6 Rb8 25. Nd7 1-0

[Event "*** MasterClass Titled Tuesday Blitz"]
[Site "Chess.com"]
[Date "2017.12.05"]
[Round "2"]
[White "MasterBlitz83"]
[Black "d4xaoc"]
[Result "1-0"]
[WhiteElo "1502"]
[BlackElo "1208"]
[TimeControl "180+2"]
[EndTime "14:31:55 PST"]
[Termination "MasterBlitz83 won by checkmate"]

1. f3 e6 2. Kf2 Qh4+ 3. g3 Qd8 4. Bg2 Bc5+ 5. e3 Nf6 6. Nc3 O-O 7. d4 Bb6 8. Nge2 d6 9. Re1 c5 10. Kg1 cxd4 11.
exd4 Ba5 12. Bd2 Bb6 13. Kh1 a5 14. f4 Ng4 15. Rf1 e5 16. dxe5 Nf2+ 17. Rxf2 Bxf2 18. Qf1 Bc5 19. Na4 b5 20. Nxc5 dxc5 21. Rd1 Ra7 22. f5 Qb6 23. f6 g6 24. Qf4 Nc6 25. Qh6 Nxe5 26. Qg7# 1-0

[Event "*** MasterClass Titled Tuesday Blitz"]
[Site "Chess.com"]
[Date "2017.12.05"]
[Round "2"]
[White "Sulvyfex"]
[Black "NICOLASXD117"]
[Result "1-0"]
[WhiteElo "1335"]
[BlackElo "1115"]
[TimeControl "180+2"]
[EndTime "14:32:09 PST"]
[Termination "Sulvyfex won by checkmate"]

1. e4 g6 2. d4 d6 3. f4 Nd7 4. Nf3 Ngf6 5. e5 dxe5 6. dxe5 Ne4 7. Bd3 f5 8. Nbd2 Ndc5 9. Qe2 Nxd3+ 10. cxd3 Nxd2 11.
Bxd2 Be6 12. O-O Bg7 13. d4 b6 14. Bc3 c5 15. Rad1 Bxa2 16. dxc5 Qc7 17. Qb5+ Kf7 18. cxb6 axb6 19. e6+ Kf8 20. Bxg7+ Kxg7 21. Rd7 Qxf4 22. Rxe7+ Kf6 23. Rf7+ Kxe6 24. Qd7# 1-0

[Event "*** MasterClass Titled Tuesday Blitz"]
[Site "Chess.com"]
[Date "2017.12.05"]
[Round "2"]
[White "Jadeit90"]
[Black "robbykevlishvili"]
[Result "0-1"]
[WhiteElo "2331"]
[BlackElo "2386"]
[TimeControl "180+2"]
[EndTime "14:32:44 PST"]
[Termination "robbykevlishvili won by resignation"]

1. g3 Nf6 2. Bg2 d5 3. c4 c6 4.
cxd5 cxd5 5. Nf3 Nc6 6. O-O e5 7. d4 e4 8. Ne5 Bd6 9. Nxc6 bxc6 10. Nc3 O-O 11. a3 Rb8 12. Na4 Ba6 13. b4 Bc4 14. Nc5 a5 15. Bd2 axb4 16. Bxb4 h5 17. Qd2 h4 18. Rfc1 hxg3 19. hxg3 Ng4 20. Bh3 e3 21. fxe3 Bxg3 22. Kg2 Qh4 23. Nd7 Bf2 24. Bxg4 Qg3+ 25. Kh1 Bxe3 26. Qe1 Qxg4 0-1

[Event "*** MasterClass Titled Tuesday Blitz"]
[Site "Chess.com"]
[Date "2017.12.05"]
[Round "2"]
[White "OparinGrigoriy"]
[Black "lukas_111111"]
[Result "1-0"]
[WhiteElo "2718"]
[BlackElo "2468"]
[TimeControl "180+2"]
[EndTime "14:33:01 PST"]
[Termination "OparinGrigoriy won by resignation"]

1. e4 e6 2. d4 d5 3. Nc3 Bb4 4.
e5 c5 5. a3 Bxc3+ 6. bxc3 Ne7 7. a4 Qa5 8. Bd2 c4 9. f4 Nd7 10. Nf3 Nb6 11. Qb1 Nxa4 12. g4 h5 13. gxh5 Rxh5 14.
Be2 Rh8 15. Kf2 b5 16. h4 Nf5 17. h5 Bd7 18. Qg1 Qb6 19. Nh4 Rh7 20. Bf3 Nxh4 21. Rxh4 b4 22. h6 g6 23. f5 bxc3 24. fxg6 cxd2 25. gxh7 O-O-O 26. Qg8 1-0

[Event "*** MasterClass Titled Tuesday Blitz"]
[Site "Chess.com"]
[Date "2017.12.05"]
[Round "2"]
[White "nicegg"]
[Black "JusticeBot"]
[Result "0-1"]
[WhiteElo "1984"]
[BlackElo "2548"]
[TimeControl "180+2"]
[EndTime "14:33:03 PST"]
[Termination "JusticeBot won by resignation"]

1. e4 e5 2. f4 Bc5 3. Qf3 d6 4. f5 Nc6 5. c3 Nf6 6. d3 d5 7. g4 dxe4 8. dxe4 h5 9. g5 Ng4 10. Nh3 g6 11. fxg6 fxg6 12. Bc4 Rf8 13. Qe2 Nf2 14. Rf1 Bg4 15. Nxf2 Bxe2 16. Kxe2 Nd4+ 17. cxd4 Qxd4 18. Bb5+ c6 19. Nd3 Qxe4+ 0-1

[Event "*** MasterClass Titled Tuesday Blitz"]
[Site "Chess.com"]
[Date "2017.12.05"]
[Round "2"]
[White "zzzombie"]
[Black "roncataroja"]
[Result "0-1"]
[WhiteElo "1184"]
[BlackElo "1412"]
[TimeControl "180+2"]
[EndTime "14:33:14 PST"]
[Termination "roncataroja won by resignation"]

1. e4 c6 2. d4 d5 3. exd5 cxd5 4. Nf3 Nc6 5. c4 dxc4 6. Bxc4 e6 7. d5 exd5 8. Bxd5 Nf6 9. Bxf7+ Kxf7 10. Qb3+ Be6 11. Qxb7+ Ne7 12. Ne5+ Kg8 13. Bg5 Bd5 14. Qa6 Qc7 15.
Bxf6 Qc1+ 16. Ke2 Qxb2+ 17. Nd2 gxf6 18. Qxf6 Qb5+ 19. Nd3 Re8 20. Qg5+ Bg7 21. Rhe1 Nf5+ 22. Kf1 Qxd3+ 23. Kg1 Rxe1+ 24. Rxe1 Qxd2 25. Re8+ Kf7 26. Qxf5+ Kxe8 27. Qc8+ Kf7 28. Qd7+ Kg6 29. Qg4+ Qg5 30. Qxg5+ Kxg5 31. h4+ Kxh4 32. Kh2 Rf8 33. g3+ Kg4 34. f4 h5 0-1

[Event "*** MasterClass Titled Tuesday Blitz"]
[Site "Chess.com"]
[Date "2017.12.05"]
[Round "2"]
[White "kikydu96"]
[Black "1e41-0"]
[Result "0-1"]
[WhiteElo "2364"]
[BlackElo "2356"]
[TimeControl "180+2"]
[EndTime "14:33:20 PST"]
[Termination "1e41-0 won by resignation"]

1. e4 c5 2. Nc3 e6 3. f4 d5 4.
exd5 exd5 5. Nf3 Nf6 6. d4 cxd4 7.
Nxd4 Bc5 8. Bb5+ Bd7 9. Bxd7+ Qxd7 10. O-O O-O 11. Kh1 Nc6 12. Be3 Rfe8 13. Bg1 Bb6 14. Na4 Bxd4 15. Bxd4 Nxd4 16. Qxd4 Re4 17. Qd3 Qxa4 18.
c3 Rae8 19. b3 Qc6 20. Rac1 h6 21. a4 Qb6 22. b4 Ng4 23. Qg3 h5 24. h3 Ne3 25.
Rf3 Nf5 26. Qg5 Qg6 27. Rd3 Qxg5 28. fxg5 Re1+ 29. Rxe1 Rxe1+ 30. Kh2 h4 31. g4 hxg3+ 32. Kg2 Re2+ 33. Kf3 Rf2+ 34. Kg4 g2 0-1

[Event "*** MasterClass Titled Tuesday Blitz"]
[Site "Chess.com"]
[Date "2017.12.05"]
[Round "2"]
[White "lucasmito"]
[Black "Abdodi"]
[Result "1-0"]
[WhiteElo "2195"]
[BlackElo "2108"]
[TimeControl "180+2"]
[EndTime "14:33:22 PST"]
[Termination "lucasmito won by resignation"]

1. e4 c6 2. d4 d5 3. Nc3 dxe4 4. Nxe4 Bf5 5. Ng3 Bg6 6. h4 h6 7. h5 Bh7 8. Nf3 Nd7 9. Bd3 Bxd3 10. Qxd3 Ngf6 11. Bd2 e6 12. O-O-O Qc7 13. Kb1 Bd6 14. Ne4 Nxe4 15. Qxe4 Nf6 16. Qe2 O-O-O 17. c4 Bf4 18. Bc3 Rhe8 19. Ne5 Bxe5 20. dxe5 Nd7 21. Rd6 Nc5 22.
Rhd1 Na4 23. Qc2 Nb6 24. Ba5 Qe7 25. c5 Rxd6 26. exd6 Qg5 27. cxb6 Qxa5 28. d7+ Kd8 29. dxe8=Q+ Kxe8 30.
bxa7 Qxa7 31. Qd2 b5 1-0

[Event "*** MasterClass Titled Tuesday Blitz"]
[Site "Chess.com"]
[Date "2017.12.05"]
[Round "2"]
[White "GMMarcinDziuba"]
[Black "mikhaillushenkov"]
[Result "1-0"]
[WhiteElo "2523"]
[BlackElo "2572"]
[TimeControl "180+2"]
[EndTime "14:33:33 PST"]
[Termination "GMMarcinDziuba won by resignation"]

1. d4 Nf6 2. c4 e6 3. Nf3 c5 4. d5 exd5 5. cxd5 Bd6 6. Nc3 O-O 7. g3 Re8 8. Bg2 a6 9. O-O Qe7 10. Re1 Bc7 11. e4 d6 12. Nd2 Nbd7 13. a4 Ne5 14. Qe2 Ba5 15. f4 Ng6 16. Nc4 Bxc3 17. bxc3 Nxd5 18. Qd3 Nf6 19. Qxd6 Be6 20. Qxe7 Rxe7 21. Nb6 Rd8 22. Ba3 Bb3 23. Bxc5 Rc7 24. Bd4 Nd7 25. Rab1 Bc2 26. Rb2 Bd3 27. Nd5 Rc4 28.
Rd1 1-0

[Event "*** MasterClass Titled Tuesday Blitz"]
[Site "Chess.com"]
[Date "2017.12.05"]
[Round "2"]
[White "TregubovP"]
[Black "Lunaticx"]
[Result "1/2-1/2"]
[WhiteElo "2506"]
[BlackElo "2708"]
[TimeControl "180+2"]
[EndTime "14:33:49 PST"]
[Termination "Game drawn by agreement"]

1. d4 d5 2. c4 dxc4 3. e3 e5 4. Bxc4 exd4 5. exd4 Nf6 6. Nf3 Bd6 7. Qe2+ Qe7 8.
Qxe7+ Bxe7 9. Nc3 O-O 10. O-O a6 11.
Re1 Bd6 12. Bg5 Nbd7 13. Ne5 b5 14. Nxd7 Bxd7 15. Bb3 Rfe8 16. Bxf6 gxf6 17. Ne4 Kg7 18. Nxd6 cxd6 19. f3 a5 20. Kf2 Rac8 21. Rac1 Rxe1 22.
Rxe1 a4 23. Bd5 Be6 24. Bxe6 Rc2+ 25. Re2 Rxe2+ 26. Kxe2 fxe6 27. Ke3 Kg6 28. a3 h5 29. Kf4 d5 30. h4 Kh6 31. g4 Kg6 32. Ke3 e5 33.
Kd3 hxg4 34. fxg4 e4+ 35. Ke3 Kh6 36. Kf4 Kh7 37. Ke3 Kg7 38. Kf4 Kg6 39. Ke3 1/2-1/2

[Event "*** MasterClass Titled Tuesday Blitz"]
[Site "Chess.com"]
[Date "2017.12.05"]
[Round "2"]
[White "Khamrakulov_Djurabek"]
[Black "ArnaudovP"]
[Result "1-0"]
[WhiteElo "2661"]
[BlackElo "2431"]
[TimeControl "180+2"]
[EndTime "14:33:59 PST"]
[Termination "Khamrakulov_Djurabek won by resignation"]

1. e4 c6 2. c4 d5 3. cxd5 cxd5 4. exd5 Nf6 5. Nc3 g6 6. Bb5+ Nbd7 7. d4 Bg7 8. d6 exd6 9. Qe2+ Qe7 10. Bf4 d5 11.
Bd6 Qxe2+ 12. Bxe2 Ne4 13. Nxe4 dxe4 14. O-O-O Nb6 15.
Nh3 Be6 16. Kb1 f5 17. f3 Bd5 18. Nf4 Bc6 19. d5 Bd7 20. fxe4 fxe4 21. Rhe1 Kf7 22.
Rf1 Bf6 23. Ne6 Nxd5 24. Ng5+ Kg7 25. Rxd5 Bf5 26. g4 Bxg5 27. gxf5 Rad8 28. Be5+ Bf6 29. Bxf6+ Kxf6 30. fxg6+ Kxg6 31. Re5 1-0

[Event "*** MasterClass Titled Tuesday Blitz"]
[Site "Chess.com"]
[Date "2017.12.05"]
[Round "2"]
[White "Swarajan"]
[Black "josmito10"]
[Result "0-1"]
[WhiteElo "2130"]
[BlackElo "2264"]
[TimeControl "180+2"]
[EndTime "14:34:01 PST"]
[Termination "josmito10 won by resignation"]

1. d4 Nf6 2. c4 e6 3. Nf3 Bb4+ 4. Nbd2 O-O 5. g3 d5 6. Bg2 dxc4 7. O-O b5 8. Ne5 Nd5 9. a4 c6 10. axb5 cxb5 11. b3 c3 12. Ndf3 Bb7 13. Nd3 Be7 14. e4 Nf6 15. e5 Nd5 16. Nc5 Bxc5 17. dxc5 Nd7 18. Qc2 Nxc5 19. Rd1 Qc7 20. b4 Na4 21. Ba3 Rfd8 22. Nd4 a6 23. Rac1 Qxe5 24. Nb3 Rac8 25.
Na5 Ba8 26. Re1 Qc7 27. h4 Nab6 28. Qb3 Nc4 29. Bxd5 Bxd5 30. Rxc3 Nxa5 31. Rxc7 Nxb3 32. Rxc8 Rxc8 0-1

[Event "*** MasterClass Titled Tuesday Blitz"]
[Site "Chess.com"]
[Date "2017.12.05"]
[Round "2"]
[White "jcgs1030"]
[Black "timator"]
[Result "1-0"]
[WhiteElo "2325"]
[BlackElo "2354"]
[TimeControl "180+2"]
[EndTime "14:34:08 PST"]
[Termination "jcgs1030 won by resignation"]

1. e4 c5 2. Nf3 Nc6 3. Bb5 e6 4. O-O Nge7 5. Re1 Nd4 6. Nxd4 cxd4 7. c3 a6 8. Bf1 Nc6 9. b3 b5 10. Bb2 Bc5 11. a4 b4 12. Qg4 O-O 13. e5 f5 14. Qf4 g5 15. Qg3 Kh8 16. Qd3 a5 17. cxd4 Ba6 18. Qe3 Bxf1 19. Kxf1 Ba7 20. d3 Qb6 21. Nd2 Nxd4 22. Nc4 Qc5 23. Bxd4 Qxd4 24. Rac1 Qxe3 25. fxe3 Rfc8 26. Ke2 Bc5 27. d4 Be7 28. Nb6 Rxc1 29. Rxc1 Rd8 30. Rc7 Kg7 31. Nxd7 Kf7 32.
Kd3 Ke8 33. Nb6 f4 34. exf4 gxf4 35. Ke4 Kf7 36. Nc8 1-0

[Event "*** MasterClass Titled Tuesday Blitz"]
[Site "Chess.com"]
[Date "2017.12.05"]
[Round "2"]
[White "chidori_boruto"]
[Black "Reshetkov"]
[Result "1-0"]
[WhiteElo "2539"]
[BlackElo "2503"]
[TimeControl "180+2"]
[EndTime "14:34:10 PST"]
[Termination "chidori_boruto won by resignation"]

1. d4 Nf6 2. Nf3 g6 3. Bf4 Bg7 4. e3 O-O 5. Be2 d6 6. O-O Nc6 7. h3 Nd7 8. c4 e5 9. Bh2 f5 10. Nc3 e4 11. Nd2 b6 12. Qa4 Bb7 13. b4 a5 14. b5 Nxd4 15. exd4 Bxd4 16. Qc2 Qg5 17.
Rad1 Bxf2+ 18. Rxf2 e3 19. Rf3 exd2 20. Bf4 Qf6 21.
Rf2 Rae8 22. Qxd2 Ne5 23. Nd5 Bxd5 24. Qxd5+ Qf7 25. Bf3 Nd7 26. Bh6 Nf6 27. Qc6 Qe7 28. Re2 Ne4 29. Bxf8 Kxf8 30. Bxe4 fxe4 31. Rf1+ Kg7 32.
Rfe1 Qf6 1-0

[Event "*** MasterClass Titled Tuesday Blitz"]
[Site "Chess.com"]
[Date "2017.12.05"]
[Round "2"]
[White "Winehouse83"]
[Black "Quiet_Desperation"]
[Result "1-0"]
[WhiteElo "2386"]
[BlackElo "2339"]
[TimeControl "180+2"]
[EndTime "14:34:10 PST"]
[Termination "Winehouse83 won by resignation"]

1. d4 Nf6 2. c4 e6 3. Nf3 Bb4+ 4. Nbd2 b6 5. g3 Bb7 6. Bg2 d5 7. Qa4+ Nc6 8. Ne5 Bxd2+ 9. Bxd2 Qd6 10. c5 bxc5 11. Bf4 O-O 12. Nd3 Qd8 13. Nxc5 Qc8 14. Rc1 Nh5 15. Nxb7 Nxf4 16. gxf4 Nxd4 17. Qxd4 Qxb7 18.
O-O Rab8 19. b3 Rfc8 20. Rc2 Qa6 21. Qc5 g6 22. Rfc1 h5 23. e3 Rb6 24. Bf1 Qb7 25. Qe7 d4 26. Rxc7 1-0

[Event "*** MasterClass Titled Tuesday Blitz"]
[Site "Chess.com"]
[Date "2017.12.05"]
[Round "2"]
[White "livestrong04"]
[Black "chessking2151"]
[Result "0-1"]
[WhiteElo "2348"]
[BlackElo "2363"]
[TimeControl "180+2"]
[EndTime "14:34:14 PST"]
[Termination "chessking2151 won by resignation"]

1. e4 e5 2. Nf3 Nc6 3. d4 exd4 4. Nxd4 Bc5 5. Nb3 Bb6 6. Nc3 a5 7. Qe2 a4 8. Nd2 Nd4 9. Qd1 Nf6 10. Bd3 d6 11.
O-O O-O 12. Kh1 Ng4 13. Nc4 Qh4 14. h3 Ba7 15. Qe1 Nf3 16. Qe2 Nxf2+ 17. Rxf2 Bxh3 18. gxf3 Bxf2 19. Bg5 Bg2+ 0-1

[Event "*** MasterClass Titled Tuesday Blitz"]
[Site "Chess.com"]
[Date "2017.12.05"]
[Round "2"]
[White "Iball95"]
[Black "R2D3"]
[Result "1-0"]
[WhiteElo "2582"]
[BlackElo "1703"]
[TimeControl "180+2"]
[EndTime "14:34:16 PST"]
[Termination "Iball95 won by resignation"]

1. c4 g6 2. g3 Bg7 3. Bg2 Nf6 4. Nf3 O-O 5. O-O c6 6. b3 d6 7. Bb2 Bf5 8. d3 Re8 9. Nbd2 e5 10. c5 e4 11.
dxe4 Nxe4 12. Bxg7 Kxg7 13. Nxe4 Bxe4 14. cxd6 Re6 15.
Qd4+ Qf6 16. Rad1 Nd7 17. Ng5 Bxg2 18. Nxe6+ fxe6 19. Qxf6+ Kxf6 20. Kxg2 Rd8 21. f4 Nc5 22. Kf3 e5 23. e4 Ne6 24. Ke3 exf4+ 25. gxf4 Nc5 26. b4 Na4 27. f5 Nc3 28. fxg6+ Kxg6 29. Rd2 Rd7 30. Rg2+ Kh6 31. Rf3 1-0

[Event "*** MasterClass Titled Tuesday Blitz"]
[Site "Chess.com"]
[Date "2017.12.05"]
[Round "2"]
[White "EternallyBad"]
[Black "icychess54"]
[Result "0-1"]
[WhiteElo "1510"]
[BlackElo "2145"]
[TimeControl "180+2"]
[EndTime "14:34:18 PST"]
[Termination "icychess54 won by resignation"]

1. e4 c5 2. Nf3 d6 3. d4 cxd4 4. Nxd4 Nf6 5. Nc3 Nc6 6. Bb5 Bd7 7. O-O e6 8. Bg5 Be7 9. f4 O-O 10. Nxc6 bxc6 11. Bd3 Qb6+ 12. Kh1 Qxb2 13. Ne2 h6 14. Bh4 Rab8 15. e5 dxe5 16. fxe5 Qxe5 17. Ng3 Qd5 18. c4 Qa5 19. Bc2 Rfd8 20. Qd3 Qe5 21. Bxf6 Bxf6 22.
Qh7+ Kf8 23. Ne4 Bg5 24. Nxg5 Qxg5 25. Bg6 Be8 26. Qh8+ Ke7 27. Qxg7 Qxg6 28. Qxg6 fxg6 29. Rad1 Rxd1 30. Rxd1 Rd8 31. Re1 Bf7 32. Kg1 Rd4 33.
Rc1 e5 34. Kf2 Rxc4 35. Rxc4 Bxc4 36. a3 Bd5 37. Ke3 Kd6 38. g4 Kc5 39. h4 g5 40.
hxg5 hxg5 41. Kd3 Kb5 42. Kc3 Ka4 0-1

[Event "*** MasterClass Titled Tuesday Blitz"]
[Site "Chess.com"]
[Date "2017.12.05"]
[Round "2"]
[White "Caisachess"]
[Black "sorito"]
[Result "1/2-1/2"]
[WhiteElo "2340"]
[BlackElo "2381"]
[TimeControl "180+2"]
[EndTime "14:34:28 PST"]
[Termination "Game drawn by repetition"]

1. e4 c5 2. c3 d5 3. exd5 Qxd5 4. d4 Nf6 5. Nf3 e6 6. Bd3 Be7 7. O-O O-O 8. Be3 cxd4 9. cxd4 Nc6 10. Nc3 Qd6 11.
a3 b6 12. Qe2 Bb7 13. Rad1 Rac8 14. Rfe1 Rfd8 15. Bb1 Na5 16. Ne5 Bd5 17. Nxd5 Qxd5 18. b4 Nc4 19. Ba2 b5 20. a4 a6 21. Nxc4 bxc4 22.
Rb1 Ne4 23. Rec1 Nd6 24. b5 axb5 25. axb5 Rd7 26. b6 Rb7 27. Rb4 h6 28. Bxc4 Nxc4 29. Rbxc4 Rxc4 30. Qxc4 Qxc4 31. Rxc4 Rxb6 32. Kf1 Rb8 33.
Rc7 Bf6 34. Rd7 Rb5 35. Ke2 g5 36. Kd3 Kg7 37. Kc4 Ra5 38. d5 exd5+ 39. Rxd5 Ra1 40. Rd2 Rg1 41. f3 Rc1+ 42. Kd3 h5 43.
Rc2 Rb1 44. Rc5 Kg6 45. Rc6 Rb3+ 46. Ke2 Kf5 47. g4+ hxg4 48. fxg4+ Ke5 49. Bd4+ Kxd4 50.
Rxf6 Rh3 51. Rxf7 Rxh2+ 52. Kf3 Rh3+ 53. Kg2 Re3 54. Rf5 Re5 55. Rf3 Ke4 56. Kg3 Rd5 57.
Rf8 Rd3+ 58. Kg2 Rd2+ 59. Kg3 Rd3+ 60. Kg2 Rd2+ 61. Kg3 Rd3+ 62. Kg2 Rd2+ 1/2-1/2

[Event "*** MasterClass Titled Tuesday Blitz"]
[Site "Chess.com"]
[Date "2017.12.05"]
[Round "2"]
[White "JSPrepz"]
[Black "DiogenesSinopeus"]
[Result "1-0"]
[WhiteElo "2556"]
[BlackElo "2398"]
[TimeControl "180+2"]
[EndTime "14:34:30 PST"]
[Termination "JSPrepz won by resignation"]

1. e4 c5 2. Nf3 Nc6 3. Bb5 g6 4.
Bxc6 dxc6 5. O-O Bg7 6. d3 Bg4 7. Nbd2 Nf6 8. h3 Bxf3 9. Nxf3 Nd7 10. a3 a5 11. Rb1 a4 12. Be3 b6 13. d4 cxd4 14.
Bxd4 e5 15. Be3 O-O 16. Qd6 Ra7 17. Rfd1 Qc8 18. Ng5 h6 19. Nf3 Re8 20. Nd2 Bf8 21. Qd3 Nc5 22. Qe2 b5 23. c4 Qb8 24. b4 axb3 25.
Nxb3 Nxb3 26. Bxa7 Qxa7 27. Rxb3 Bxa3 28. cxb5 cxb5 29.
Qxb5 Rf8 30. Ra1 Qc5 31. Raxa3 Qc1+ 32. Qf1 Qf4 33. Re3 Rc8 34. Rac3 Rd8 35. Red3 Rb8 36. Qc1 Qxe4 37. Rc8+ Rxc8 38. Qxc8+ Kg7 39. Qc3 Qa8 1-0

[Event "*** MasterClass Titled Tuesday Blitz"]
[Site "Chess.com"]
[Date "2017.12.05"]
[Round "2"]
[White "LuisFSiles"]
[Black "Gattass"]
[Result "1-0"]
[WhiteElo "2216"]
[BlackElo "2096"]
[TimeControl "180+2"]
[EndTime "14:34:34 PST"]
[Termination "LuisFSiles won by resignation"]

1. d4 Nf6 2. c4 g6 3. Nc3 d5 4. cxd5 Nxd5 5. Bd2 Bg7 6. e4 Nxc3 7. Bxc3 c5 8. d5 e5 9. Nf3 O-O 10. Be2 Qd6 11.
O-O b6 12. Nd2 Nd7 13. Nc4 Qc7 14. a4 Rd8 15. Qc2 Re8 16. Rfd1 Bb7 17. d6 Qc6 18. Ne3 Qxe4 19. Bd3 Qh4 20. g3 Qh3 21. Bf1 Qh5 22.
Nd5 Rad8 23. Bg2 Rb8 24. a5 Qf5 25. Ne7+ Rxe7 26. Qxf5 gxf5 27. dxe7 Bxg2 28. Rxd7 1-0

[Event "*** MasterClass Titled Tuesday Blitz"]
[Site "Chess.com"]
[Date "2017.12.05"]
[Round "2"]
[White "BergenChessAcademy"]
[Black "activity5"]
[Result "1-0"]
[WhiteElo "2149"]
[BlackElo "1522"]
[TimeControl "180+2"]
[EndTime "14:34:34 PST"]
[Termination "BergenChessAcademy won by resignation"]

1. e4 c5 2. Nf3 d6 3. Nc3 Nf6 4. g3 Nc6 5. d3 Bg4 6. Bg2 e6 7. h3 Bxf3 8. Bxf3 Be7 9. Bg2 Rb8 10.
f4 Nd4 11. Be3 e5 12. O-O O-O 13. g4 Nd7 14. Nd5 Nb6 15. Nxe7+ Qxe7 16. c3 Nc6 17.
Qe1 Rbc8 18. Qg3 f6 19. Kh2 exf4 20. Bxf4 Ne5 21. d4 cxd4 22. cxd4 g5 23. Bd2 Ng6 24. Rf2 Rc2 25. Qb3+ Rc4 26. Ba5 Qe6 27. Bxb6 axb6 28. Bf1 b5 29. Bxc4 bxc4 30. Qxb7 Qxe4 31. Qxe4 Nf4 1-0

[Event "*** MasterClass Titled Tuesday Blitz"]
[Site "Chess.com"]
[Date "2017.12.05"]
[Round "2"]
[White "Thiago_skl"]
[Black "sting_vs"]
[Result "0-1"]
[WhiteElo "1098"]
[BlackElo "1437"]
[TimeControl "180+2"]
[EndTime "14:34:34 PST"]
[Termination "sting_vs won on time"]

1. e4 c5 2. Bc4 e6 3. Nf3 d5 4. Bb3 b5 5. Qe2 c4 6. Nd4 cxb3 7. exd5 bxc2 8. Nxc2 Qxd5 9. d3 Qxg2 10. Rf1 Qxh2 11.
Nb4 Bxb4+ 12. Bd2 Bxd2+ 13. Kxd2 Qf4+ 14. Qe3 Qxe3+ 15. fxe3 Nf6 16. Nc3 a6 17. a4 bxa4 18. Nxa4 Bd7 19. Nb6 Ra7 20. Rf4 Nd5 21. Nxd5 exd5 22.
e4 dxe4 23. Rxe4+ Be6 24. Rc1 O-O 25. Rg1 Nc6 0-1